 Dungeon Crawl Stone Soup version 0.19.5 (webtiles) character file.

46 Zaraka the Skirmisher (level 3, 0/45 HPs)
             Began as a Demonspawn Berserker on Mar 29, 2017.
             Was a Follower of Trog.
             Succumbed to an adder's poison
             ... on level 2 of the Dungeon.
             The game lasted 00:03:44 (1591 turns).

Zaraka the Skirmisher (Demonspawn Berserker)        Turns: 1591, Time: 00:03:45

Health: 0/45       AC:  3    Str: 23    XL:     3   Next: 44%
Magic:  3/3        EV: 12    Int:  8    God:    Trog [*.....]
Gold:   96         SH:  0    Dex: 12    Spells: 0 memorised, 2 levels left

rFire  . . .     SeeInvis .     a - +0 mace
rCold  . . .     Gourm    .     f - +0 leather armour
rNeg   . . .     Faith    .     (no shield)
rPois  .         Spirit   .     (no helmet)
rElec  .         Reflect  .     (no cloak)
rCorr  .         Harm     .     (no gloves)
MR     .....                    (no boots)
Stlth  ..........               j - amulet of inaccuracy (curse)
                                (no ring)
                                (no ring)

@: berserking, lethally poisoned (0 -> -11), very quick
A: talons 1
a: Berserk, Burn Spellbooks, Renounce Religion


You were on level 2 of the Dungeon.
You worshipped Trog.
Trog was aware of your devotion.
You were not hungry.

You visited 1 branch of the dungeon, and saw 2 of its levels.

You collected 96 gold pieces.

Inventory:

Hand Weapons
 a - a +0 mace (weapon)
Armour
 b - a +0 animal skin
 f - a +0 leather armour (worn)
Jewellery
 j - a cursed amulet of inaccuracy (around neck)
Scrolls
 d - 2 scrolls of identify {unknown}
 h - a scroll of teleportation {unknown}
 i - a scroll of immolation {unknown}
 l - a scroll of enchant weapon {unknown}
Potions
 e - 2 potions of might {unknown}
 g - a potion of mutation {unknown}
 k - a potion of cure mutation {unknown}
 o - a potion of degeneration {unknown}
Comestibles
 c - a bread ration
 m - a chunk of flesh
 n - 3 fruits


   Skills:
 * Level 3.8 Fighting
 + Level 3.1 Maces & Flails
 + Level 2.0 Armour
 + Level 2.0 Dodging


You had 2 spell levels left.
You didn't know any spells.

Dungeon Overview and Level Annotations

Branches:
Dungeon (2/15)

Altars:


Innate Abilities, Weirdness & Mutations

You have sharp toenails.


Message History

You feel yourself moving faster!
You feel mighty!
You feel a lot more hungry.
* * * LOW HITPOINT WARNING * * *
You feel sick. The adder barely misses you. x2
You barely miss the adder. Your kick misses the adder.
* * * LOW HITPOINT WARNING * * *
You feel sick. The adder closely misses you. x2
You closely miss the adder. Your kick misses the adder.
* * * LOW HITPOINT WARNING * * *
You feel sick. The adder barely misses you. The adder closely misses you. x2
You closely miss the adder.
* * * LOW HITPOINT WARNING * * *
You feel sick.
The adder closely misses you. x2; The adder bites you.
* * * LOW HITPOINT WARNING * * *
You closely miss the adder. Your kick misses the adder.
The adder is severely wounded.
* * * LOW HITPOINT WARNING * * *
You feel sick. The adder barely misses you. The adder closely misses you.
You barely miss the adder. Your kick misses the adder.
The adder is severely wounded.
You die...

#.....##...##.#
#.....##>..##.######
#...................
#................###
#......>[.)...##.#
###..###...#####.#
#..# #...# #.# #..#
#...# #.# #@.# #####
#.# #SS# #.# #..#
#.# #..# #.# #....
#.#### #.# #.# ...


You could see 2 adders.

Vanquished Creatures
  An adder (D:2)
  A worm (D:2)
  A dart slug (D:2)
  A leopard gecko (D:1)
  7 goblins
  2 hobgoblins (D:1)
  4 jackals
  3 bats
  3 frilled lizards
  3 kobolds
  3 rats
29 creatures vanquished.

Notes
Turn   | Place    | Note
-------+----------+-------------------------------------------
     0 | D:1      | Zaraka the Demonspawn Berserker began the quest for the Orb.
     0 | D:1      | Reached XP level 1. HP: 18/18 MP: 1/1
   250 | D:1      | Gained mutation: You have sharp toenails. [demonic ancestry]
   250 | D:1      | Reached XP level 2. HP: 14/24 MP: 2/2
  1144 | D:2      | Reached XP level 3. HP: 17/30 MP: 3/3
  1589 | D:2      | HP: 2/45 [adder (2)]
  1591 | D:2      | Succumbed to an adder's poison

Skill      XL: |  1  2  3 |
---------------+----------+-----
Maces & Flails | 3 |  3.1
Armour         | 2 |  2.0
Dodging        | 2 |  2.0
Fighting       | |  3.8

Action                   || total
-------------------------++-------
Melee: Mace              ||   133
       Kick              ||    15
Invok: Berserk           ||     6
  Eat: Chunk             ||     5
       Bread ration      ||     1
Armor: Leather armour    ||    44
       Animal skin       ||     1
Dodge: Dodged            ||   109
